IL
NEW ORLEANS ZEPHYRS @ OKLAHOMA CITY DODGERS
06/13/2048
 
TOP OF THE 1ST
New Orleans Zephyrs batting - Pitching for Oklahoma City Dodgers : RHP Tyler Scherer
Pitching: RHP Tyler Scherer
Batting: RHB Orlando Landa 0-0: Ball
1-0: Foul Ball, location: 2F
1-1: Swinging Strike
1-2: Ball
2-2: Strikes out swinging
Batting: RHB Torquato Obawole 0-0: Foul Ball, location: 2F
0-1: Foul Ball, location: 2F
0-2: Ball
1-2: Fly out, F7 (Flyball, 78M, EV 88.1 MPH)
Batting: RHB Adam McGurn 0-0: Ball
1-0: Foul Ball, location: 2F
1-1: Ball
2-1: Ball
3-1: Called Strike
3-2: Foul Ball, location: 2F
3-2: DOUBLE (Line Drive, 78M, EV 88.1 MPH)
Batting: LHB Eric Bailey 0-0: Called Strike
0-1: Foul Ball, location: 2F
0-2: Ball
1-2: Ball
2-2: Fly out, F9 (Flyball, 9, EV 87.5 MPH)
Top of the 1st over - 0 runs, 1 hit, 0 errors, 1 left on base; New Orleans 0 - Oklahoma City 0
BOTTOM OF THE 1ST
Oklahoma City Dodgers batting - Pitching for New Orleans Zephyrs : LHP Nick Gore
Pitching: LHP Nick Gore
Batting: RHB Theo Schepers 0-0: Ball
1-0: Ball
2-0: Fly out, F8 (Flyball, 8LXD, EV 88.8 MPH)
Batting: RHB Wing-kit Bu 0-0: Ground out 5-3 (Groundball, 56S, EV 68.8 MPH)
Batting: RHB Mike Dodson 0-0: Called Strike
0-1: Ball
1-1: Foul Ball, location: 2F
1-2: Ball
2-2: Foul Ball, location: 2F
2-2: Foul Ball, location: 2F
2-2: SINGLE (Groundball, 6MD, EV 96.2 MPH)
Batting: RHB Jeremy Giesler 0-0: Ball
1-0: Foul Ball, location: 2F
1-1: Ball
2-1: Foul Ball, location: 2F
2-2: Foul Ball, location: 2F
2-2: Fly out, F7 (Flyball, 78S, EV 88.8 MPH)
Bottom of the 1st over - 0 runs, 1 hit, 0 errors, 1 left on base; New Orleans 0 - Oklahoma City 0
TOP OF THE 2ND
New Orleans Zephyrs batting - Pitching for Oklahoma City Dodgers : RHP Tyler Scherer
Batting: RHB Rick Fell 0-0: Ball
1-0: Foul Ball, location: 2F
1-1: Ball
2-1: Ground out 6-3 (Groundball, 6, EV 85.0 MPH)
Batting: RHB Manuel Taveras 0-0: Ball
1-0: Called Strike
1-1: Swinging Strike
1-2: Foul Ball, location: 2F
1-2: Strikes out swinging
Batting: RHB Isaiah Brockman 0-0: Ball
1-0: Called Strike
1-1: Ball
2-1: Ground out 6-3 (Groundball, 6, EV 88.1 MPH)
Top of the 2nd over - 0 runs, 0 hits, 0 errors, 0 left on base; New Orleans 0 - Oklahoma City 0
BOTTOM OF THE 2ND
Oklahoma City Dodgers batting - Pitching for New Orleans Zephyrs : LHP Nick Gore
Batting: RHB Carlos Talavera 0-0: Called Strike
0-1: Ground out 3-1 (Groundball, 34, EV 106.2 MPH)
Batting: LHB Jose Robles 0-0: Called Strike
0-1: Swinging Strike
0-2: Ball
1-2: Ball
2-2: Foul Ball, location: 2F
2-2: Foul Ball, location: 2F
2-2: Ball
3-2: Strikes out swinging
Batting: LHB Robin More 0-0: Ground out 1-3 (Groundball, 34S, EV 69.4 MPH)
Bottom of the 2nd over - 0 runs, 0 hits, 0 errors, 0 left on base; New Orleans 0 - Oklahoma City 0
TOP OF THE 3RD
New Orleans Zephyrs batting - Pitching for Oklahoma City Dodgers : RHP Tyler Scherer
Batting: RHB Masumitsu Sugiura 0-0: Swinging Strike
0-1: Swinging Strike
0-2: SINGLE (Groundball, 56D, EV 98.1 MPH)
Batting: LHB Jeff Tavella 0-0: Called Strike
0-1: Swinging Strike
0-2: Foul Ball, location: 2F
0-2: Strikes out swinging
Batting: RHB Orlando Landa 0-0: Ball
1-0: Ball
2-0: Fly out, F9 (Flyball, 89M, EV 94.4 MPH)
Batting: RHB Torquato Obawole 0-0: Called Strike
Masumitsu Sugiura steals 2nd base
0-1: Ball
1-1: Foul Ball, location: 2F
1-2: Strikes out swinging
Top of the 3rd over - 0 runs, 1 hit, 0 errors, 1 left on base; New Orleans 0 - Oklahoma City 0
BOTTOM OF THE 3RD
Oklahoma City Dodgers batting - Pitching for New Orleans Zephyrs : LHP Nick Gore
Batting: LHB Chris Raymond 0-0: Ball
1-0: Ball
2-0: Ball
3-0: Base on Balls
Batting: LHB Darrell Ortega 0-0: Ball
1-0: Ball
2-0: Ball
3-0: Called Strike
3-1: Grounds into double play, 3-6-1 (Groundball, 3, EV 93.8 MPH)
Batting: RHB Theo Schepers 0-0: Ball
1-0: Swinging Strike
1-1: Swinging Strike
1-2: Strikes out swinging
Bottom of the 3rd over - 0 runs, 0 hits, 0 errors, 0 left on base; New Orleans 0 - Oklahoma City 0
TOP OF THE 4TH
New Orleans Zephyrs batting - Pitching for Oklahoma City Dodgers : RHP Tyler Scherer
Batting: RHB Adam McGurn 0-0: Called Strike
0-1: Ball
1-1: Ball
2-1: Foul Ball, location: 2F
2-2: Ball
3-2: Ground out 6-3 (Groundball, 6S, EV 80.6 MPH)
Batting: LHB Eric Bailey 0-0: Foul Ball, location: 2F
0-1: Ball
1-1: Ball
2-1: Foul Ball, location: 2F
2-2: Foul Ball, location: 2F
2-2: Ground out U3 (Groundball, 3L, EV 100.0 MPH)
Batting: RHB Rick Fell 0-0: Ball
1-0: Called Strike
1-1: Swinging Strike
1-2: Foul Ball, location: 2F
1-2: Strikes out swinging
Top of the 4th over - 0 runs, 0 hits, 0 errors, 0 left on base; New Orleans 0 - Oklahoma City 0
BOTTOM OF THE 4TH
Oklahoma City Dodgers batting - Pitching for New Orleans Zephyrs : LHP Nick Gore
Batting: RHB Wing-kit Bu 0-0: Ground out 5-3 (Groundball, 56, EV 98.8 MPH)
Batting: RHB Mike Dodson 0-0: Ball
1-0: Swinging Strike
1-1: Swinging Strike
1-2: Strikes out swinging
Batting: RHB Jeremy Giesler 0-0: Ball
1-0: Swinging Strike
1-1: Swinging Strike
1-2: Ground out 4-3 (Groundball, 4, EV 86.9 MPH)
Bottom of the 4th over - 0 runs, 0 hits, 0 errors, 0 left on base; New Orleans 0 - Oklahoma City 0
TOP OF THE 5TH
New Orleans Zephyrs batting - Pitching for Oklahoma City Dodgers : RHP Tyler Scherer
Batting: RHB Manuel Taveras 0-0: TRIPLE (Flyball, 78XD, EV 99.4 MPH)
Batting: RHB Isaiah Brockman 0-0: Swinging Strike
0-1: Swinging Strike
0-2: Ball
1-2: Ball
2-2: Ball
3-2: Base on Balls
Batting: RHB Masumitsu Sugiura 0-0: Ball
Pickoff Throw to First - Out! 1-3
1-0: Foul Ball, location: 2F
1-1: Ball
2-1: SINGLE (Groundball, 6M, EV 103.1 MPH)
Manuel Taveras scores
Batting: LHB Jeff Tavella 0-0: Grounds into double play, 6-4-3 (Groundball, 6, EV 86.2 MPH)
Top of the 5th over - 1 run, 2 hits, 0 errors, 0 left on base; New Orleans 1 - Oklahoma City 0
BOTTOM OF THE 5TH
Oklahoma City Dodgers batting - Pitching for New Orleans Zephyrs : LHP Nick Gore
Batting: RHB Carlos Talavera 0-0: Called Strike
0-1: Ball
1-1: Ball
2-1: Foul Ball, location: 2F
2-2: Strikes out swinging
Batting: LHB Jose Robles 0-0: Ball
1-0: Foul Ball, location: 2F
1-1: Ball
2-1: Called Strike
2-2: Foul Ball, location: 2F
2-2: Ball
3-2: Foul Ball, location: 2F
3-2: SINGLE (Groundball, 6D, EV 103.1 MPH)
Batting: LHB Robin More 0-0: Ball
1-0: Called Strike
1-1: Ball
2-1: Ball
3-1: Base on Balls
Jose Robles to second
Batting: LHB Chris Raymond 0-0: Fielders Choice at 2nd, 4-6 (Groundball, 4, EV 103.8 MPH)
Jose Robles to third
Batting: LHB Darrell Ortega 0-0: Ball
1-0: Called Strike
1-1: Ball
2-1: Ball
3-1: Base on Balls
Chris Raymond to second
Batting: RHB Theo Schepers 0-0: Ball
1-0: Reached on error, E6 (Groundball, 6, EV 106.9 MPH)
Jose Robles scores
Chris Raymond to third
Darrell Ortega to second
Batting: RHB Wing-kit Bu 0-0: Called Strike
0-1: Ball
Wild Pitch!
Chris Raymond scores
Darrell Ortega to third
Theo Schepers to second
1-1: DOUBLE (Line Drive, 3D, EV 101.2 MPH)
Darrell Ortega scores
Theo Schepers scores
Batting: RHB Mike Dodson 0-0: Called Strike
0-1: SINGLE (Groundball, 56S, EV 66.2 MPH) (infield hit)
Wing-kit Bu to third
Batting: RHB Jeremy Giesler 0-0: SINGLE (Line Drive, 34D, EV 98.1 MPH)
Wing-kit Bu scores
Mike Dodson to second
Runner from 2nd tries for 3rd, SAFE, throw by RF made to third
Pitching: RHP Stefan Snel
Batting: RHB Carlos Talavera 0-0: Ball
1-0: Foul Ball, location: 2F
1-1: Foul Ball, location: 2F
1-2: Strikes out looking
Bottom of the 5th over - 5 runs, 4 hits, 1 error, 2 left on base; New Orleans 1 - Oklahoma City 5
TOP OF THE 6TH
New Orleans Zephyrs batting - Pitching for Oklahoma City Dodgers : RHP Tyler Scherer
Batting: RHB Orlando Landa 0-0: Ball
1-0: Called Strike
1-1: Ball
2-1: Ball
3-1: Foul Ball, location: 2F
3-2: Strikes out looking
Batting: RHB Torquato Obawole 0-0: Called Strike
0-1: Fly out, F8 (Flyball, 8RD, EV 98.8 MPH)
Batting: RHB Adam McGurn 0-0: Ground out 4-3 (Groundball, 4, EV 86.9 MPH)
Top of the 6th over - 0 runs, 0 hits, 0 errors, 0 left on base; New Orleans 1 - Oklahoma City 5
BOTTOM OF THE 6TH
Oklahoma City Dodgers batting - Pitching for New Orleans Zephyrs : RHP Stefan Snel
Batting: LHB Jose Robles 0-0: Ground out U3 (Groundball, 3, EV 86.9 MPH)
Batting: LHB Robin More 0-0: Ball
1-0: Ball
2-0: Ground out 4-3 (Groundball, 4, EV 85.6 MPH)
Batting: LHB Chris Raymond 0-0: Ball
1-0: Called Strike
1-1: Ball
2-1: Swinging Strike
2-2: Strikes out swinging
Bottom of the 6th over - 0 runs, 0 hits, 0 errors, 0 left on base; New Orleans 1 - Oklahoma City 5
TOP OF THE 7TH
New Orleans Zephyrs batting - Pitching for Oklahoma City Dodgers : RHP Tyler Scherer
Batting: LHB Eric Bailey 0-0: Ball
1-0: Called Strike
1-1: Foul Ball, location: 2F
1-2: Fly out, F4 (Popup, 3S, EV 81.2 MPH)
Pitching: LHP Dave Burridge
Batting: RHB Rick Fell 0-0: Called Strike
0-1: Ball
1-1: Foul Ball, location: 2F
1-2: Ball
2-2: Strikes out swinging
Batting: RHB Manuel Taveras 0-0: Swinging Strike
0-1: Called Strike
0-2: Strikes out looking
Top of the 7th over - 0 runs, 0 hits, 0 errors, 0 left on base; New Orleans 1 - Oklahoma City 5
BOTTOM OF THE 7TH
Oklahoma City Dodgers batting - Pitching for New Orleans Zephyrs : RHP Stefan Snel
Batting: LHB Darrell Ortega 0-0: Called Strike
0-1: Foul Ball, location: 2F
0-2: Foul Ball, location: 2F
0-2: Ball
1-2: Strikes out swinging
Batting: RHB Theo Schepers 0-0: Called Strike
0-1: Foul Ball, location: 2F
0-2: DOUBLE (Flyball, 8LXD, EV 108.1 MPH)
Batting: RHB Wing-kit Bu 0-0: Ball
1-0: SINGLE (Line Drive, 4D, EV 93.8 MPH)
Theo Schepers to third
Batting: RHB Mike Dodson 0-0: Ball
Wing-kit Bu steals 2nd base (no throw)
1-0: Fly out, F9 (Flyball, 89M, EV 92.5 MPH)
Runner from 3rd tags up, OUT at HOME! 9-2
Bottom of the 7th over - 0 runs, 2 hits, 0 errors, 1 left on base; New Orleans 1 - Oklahoma City 5
TOP OF THE 8TH
New Orleans Zephyrs batting - Pitching for Oklahoma City Dodgers : LHP Dave Burridge
Batting: RHB Isaiah Brockman 0-0: Ball
1-0: Ball
2-0: Foul Ball, location: 2F
2-1: Ball
3-1: Base on Balls
Batting: RHB Masumitsu Sugiura 0-0: Called Strike
0-1: Ball
1-1: Foul Ball, location: 2F
1-2: Strikes out looking
Batting: LHB Jeff Tavella 0-0: Ball
1-0: Ball
2-0: Ball
3-0: Base on Balls
Isaiah Brockman to second
Batting: RHB Orlando Landa 0-0: Called Strike
0-1: Ball
1-1: Called Strike
1-2: Strikes out swinging
Batting: RHB Torquato Obawole 0-0: Ball
1-0: Ball
2-0: Ball
3-0: Called Strike
3-1: Swinging Strike
3-2: Strikes out swinging
Top of the 8th over - 0 runs, 0 hits, 0 errors, 2 left on base; New Orleans 1 - Oklahoma City 5
BOTTOM OF THE 8TH
Oklahoma City Dodgers batting - Pitching for New Orleans Zephyrs : RHP Stefan Snel
Pitching: RHP Oscar Andrade
Batting: RHB Jeremy Giesler 0-0: Called Strike
0-1: Called Strike
0-2: Strikes out swinging
Batting: RHB Carlos Talavera 0-0: Swinging Strike
0-1: Ball
1-1: Called Strike
1-2: Foul Ball, location: 2F
1-2: Ball
2-2: Strikes out swinging
Batting: LHB Jose Robles 0-0: Called Strike
0-1: Foul Ball, location: 2F
0-2: Foul Ball, location: 2F
0-2: Ball
1-2: Ball
2-2: Foul Ball, location: 2F
2-2: SINGLE (Groundball, 56D, EV 96.9 MPH)
Batting: LHB Robin More 0-0: Called Strike
0-1: Foul Ball, location: 2F
0-2: Fielders Choice at 2nd, 5-4 (Groundball, 56, EV 86.9 MPH)
Bottom of the 8th over - 0 runs, 1 hit, 0 errors, 1 left on base; New Orleans 1 - Oklahoma City 5
TOP OF THE 9TH
New Orleans Zephyrs batting - Pitching for Oklahoma City Dodgers : LHP Dave Burridge
Pitching: LHP J.P. Blair
Batting: RHB Adam McGurn 0-0: Ball
1-0: Foul Ball, location: 2F
1-1: Ball
2-1: Foul Ball, location: 2F
2-2: Ball
3-2: SINGLE (Groundball, 56D, EV 94.4 MPH)
Batting: LHB Eric Bailey 0-0: Called Strike
0-1: Swinging Strike
0-2: Ball
Wild Pitch!
Adam McGurn to second
1-2: Ball
2-2: Ground out 4-3 (Groundball, 4M, EV 107.5 MPH)
Adam McGurn to third
Batting: RHB Rick Fell 0-0: Foul Ball, location: 2F
0-1: Swinging Strike
0-2: Strikes out swinging
Batting: RHB Manuel Taveras 0-0: Called Strike
0-1: Ground out 6-3 (Groundball, 6, EV 91.2 MPH)
Top of the 9th over - 0 runs, 1 hit, 0 errors, 1 left on base; New Orleans 1 - Oklahoma City 5
Tuesday, March 28th , 2023 - OOTP Baseball 23.10 Build 110